 Dungeon Crawl Stone Soup version 0.30.1 (webtiles) character file.

Game seed: 7034364193763306174

425 spardeous the Digger (level 6, -1/24 HPs)
             Began as a Felid Earth Elementalist on July 9, 2023.
             Slain by a steam dragon (8 damage)
             ... on level 6 of the Dungeon.
             The game lasted 00:08:45 (3832 turns).

spardeous the Digger (Felid Earth Elementalist)     Turns: 3832, Time: 00:08:47

Health: -1/24      AC:  2    Str:  4    XL:     6   Next: 64%
Magic:  3/10       EV: 21    Int: 18    God:
Gold:   147        SH:  0    Dex: 17    Spells: 5/9 levels left
                                        Lives:  0   Deaths: 2

rFire   . . .        (weapon unavailable)
rCold   . . .        (shield unavailable)
rNeg    . . .        (body armour unavailable)
rPois   .            (helmet unavailable)
rElec   .            (cloak unavailable)
rCorr   .            (gloves unavailable)
SInv    +            (boots unavailable)
Will    .....        (no amulet)
Stlth   ++           (no ring)
HPRegen 0.24/turn    (no ring)
MPRegen 0.12/turn

%: no passive effects
@: quick
A: very small, claws 1, fangs 3, see invisible, speed 1, shaggy fur 2, stealthy
paws, no weapons or thrown items, no armour, multi-lived
a: no special abilities


You were on level 6 of the Dungeon.
You visited 1 branch of the dungeon, and saw 6 of its levels.

You collected 147 gold pieces.

Inventory:

Jewellery
 p - a ring of protection from cold
Scrolls
 b - 2 scrolls of identify {unknown}
 d - a scroll of acquirement {unknown}
 e - a scroll of fear
 f - 2 scrolls of magic mapping {unknown}
 g - a scroll of teleportation {unknown}
 i - 2 scrolls of brand weapon {unknown}
 o - a scroll of amnesia {unknown}
 q - a scroll of summoning {unknown}
Potions
 a - 2 potions of magic
 c - a potion of attraction {unknown}
 h - 2 potions of flight {unknown}
 j - a potion of ambrosia {unknown}
 k - a potion of curing {unknown}
 l - 4 potions of brilliance {unknown}
 m - a potion of haste {unknown}
 n - 2 potions of heal wounds {unknown}


   Skills:
 + Level 7.0 Dodging
 - Level 2.6 Stealth
 - Level 2.0 Spellcasting
 + Level 3.3 Conjurations
 - Level 1.1 Transmutations
 * Level 7.0 Earth Magic


You had 5 spell levels left.
You knew the following spells:

 Your Spells              Type           Power      Damage    Failure   Level
a - Sandblast             Erth           54%        2d13      1%          1
b - Stone Arrow           Conj/Erth      40%        3d9       6%          3

Your spell library contained the following spells:

 Spells                   Type           Power      Damage    Failure   Level
 Passwall                 Tmut/Erth      13%        N/A       4%          2
 Foxfire                  Conj/Fire      28%        2x1d5     9%          1
 Sublimation of Blood     Necr           1%         N/A       26%         2
 Petrify                  Tmut/Erth      16%        N/A       32%         4
 Summon Guardian Golem    Hex/Summ       1%         N/A       47%         3
 Tukima's Dance           Hex            1%         N/A       47%         3
 Passage of Golubria      Tloc           1%         N/A       87%         4
 Irradiate                Conj/Tmut      4%         3d13      90%         5
 Fireball                 Conj/Fire      3%         3d4       94%         5
 Yara's Violent Unravell  Hex/Tmut       1%         3d3       99%         5
 Plasma Beam              Fire/Air       0%         2x1d11    100%        6
 Starburst                Conj/Fire      3%         6d3       100%        6
 Orb of Destruction       Conj           6%         9d6       100%        7
 Spellforged Servitor     Conj/Summ      3%         N/A       100%        7


Dungeon Overview and Level Annotations

Branches:
Dungeon (6/15)
 Temple: D:4-7

Altars:

Shops:
D:4 ?

Annotations:
D:5 Sigmund
D:6 Maggie


Innate Abilities, Weirdness & Mutations

You have sharp claws.
You have razor-sharp teeth.
You have supernaturally acute eyesight. (SInv)
You cover ground quickly. (Speed+)
You are covered in thick fur. (AC +2)
Your paws help you pounce on unaware monsters.
You are incapable of wielding weapons or throwing items.
You cannot wear armour.
You gain extra lives every three experience levels.


Message History

The steam dragon bites you. The steam dragon claws you.
Maggie casts a spell at you. The bolt of fire misses you.
You miss the steam dragon. The steam dragon barely misses you.
The steam dragon claws you. Maggie gestures at you while chanting.
The bolt of fire misses you.
You feel less confused.
Sorry, you're not good enough to have a special ability.
Casting: Sandblast (safe; 1% risk of failure)
Confirm with . or Enter, or press ? or * to list all spells.
Okay, then.
Casting: Sandblast (safe; 1% risk of failure)
Confirm with . or Enter, or press ? or * to list all spells.
Aiming: Sandblast (safe; 1% risk of failure)
Press: ? - help, Shift-Dir - straight line, f - steam dragon
Aim: a steam dragon (83% to hit)
The blast of sand hits the steam dragon!
The steam dragon is moderately wounded.
The steam dragon completely misses you. The steam dragon misses you.
Casting: Sandblast (safe; 1% risk of failure)
Confirm with . or Enter, or press ? or * to list all spells.
Aiming: Sandblast (safe; 1% risk of failure)
Press: ? - help, Shift-Dir - straight line, f/p - steam dragon
Aim: a steam dragon (moderately wounded, 83% to hit)
The blast of sand hits the steam dragon!
The steam dragon is severely wounded.
The steam dragon breathes steam at you. The ball of steam hits you!
Ouch! That really hurt!
* * * LOW HITPOINT WARNING * * *
Casting: Sandblast (safe; 1% risk of failure)
Confirm with . or Enter, or press ? or * to list all spells.
Aiming: Sandblast (safe; 1% risk of failure)
Press: ? - help, Shift-Dir - straight line, f/p - steam dragon
Aim: a steam dragon (steam, severely wounded, catching its breath, 83% to hit)
The blast of sand hits the steam dragon!
The steam dragon is almost dead.
The steam dragon bites you!
You die...

....# ##.... . ##
##....#. . .# #...... ..
#. ....# ... #.###...
....##§@##.### ##
#.§§§.D@§..#..#...
#.#§§####..#.....#
#............#.##
##.#§.!@..##.#..##
##.#.............# #
##.).....##......##
#..#.................# #
#....................##.


You could see Maggie and a steam dragon (catching breath).

Vanquished Creatures
  Menkaure (D:6)
  A water moccasin (D:5)
  An ice beast (D:6)
  2 ogres
  2 bullfrogs (D:6)
  2 orc priests
  3 gnoll boudas (D:5)
  2 hounds
  An iguana (D:6)
  10 gnolls
  9 adders
  2 ufetubi
  A worm (D:4)
  9 orcs
  4 bats
  4 endoplasms
  2 goblins
  5 hobgoblins
  3 jackals (D:5)
  A kobold (D:2)
  2 quokkas
  2 ball pythons
  A frilled lizard (D:1)
  2 rats
72 creatures vanquished.

Notes
Turn   | Place    | Note
-------+----------+-------------------------------------------
     0 | D:1      | spardeous the Felid Earth Elementalist began the quest for
                  | the Orb.
     0 | D:1      | Reached XP level 1. HP: 7/7 MP: 4/4
   178 | D:1      | Reached XP level 2. HP: 11/11 MP: 4/6
   605 | D:4      | Reached XP level 3. HP: 14/14 MP: 3/7
   780 | D:4      | Found Sudat's Magic Scroll Shoppe.
   998 | D:4      | Learned a level 3 spell: Stone Arrow
  1034 | D:4      | Noticed an ogre
  1064 | D:4      | Killed an ogre
  1065 | D:4      | Reached XP level 4. HP: 18/18 MP: 4/8
  1065 | D:4      | Reached XP level 5. HP: 21/21 MP: 4/9
  1592 | D:5      | Entered Level 5 of the Dungeon
  1746 | D:5      | Noticed an ogre
  1765 | D:5      | Killed an ogre
  1766 | D:5      | Reached skill level 5 in Dodging
  1766 | D:5      | Reached skill level 1 in Conjurations
  1766 | D:5      | Reached skill level 5 in Earth Magic
  2136 | D:5      | Gained mutation: You are covered in thick fur. (AC +2)
                  | [Felid growth]
  2136 | D:5      | Reached XP level 6. HP: 24/24 MP: 6/10
  2263 | D:5      | Noticed Sigmund
  3112 | D:6      | Noticed Maggie
  3189 | D:6      | Noticed Menkaure
  3227 | D:6      | Noticed a water moccasin
  3232 | D:5      | Killed a water moccasin
  3233 | D:5      | Reached XP level 7. HP: 25/27 MP: 7/11
  3262 | D:6      | Slain by Menkaure
  3263 | D:6      | Reached XP level 6. HP: -4/24 MP: 10/10
  3325 | D:6      | Killed Menkaure
  3448 | D:6      | Reached XP level 7. HP: 27/27 MP: 7/11
  3583 | D:6      | Noticed a steam dragon
  3768 | D:6      | HP: 1/27 [Maggie/bolt of fire (26)]
  3776 | D:6      | Demolished by Maggie
  3777 | D:6      | Reached XP level 6. HP: -14/23 MP: 10/10
  3832 | D:6      | Slain by a steam dragon

Illustrated notes

Levels and vault maps discovered:
D:1:      erik_arrival_blinker_ship, layout_loops_ring, minmay_3d_cube
D:2:      layout_basic, hellmonk_ecumenical_altar_blasted, uniq_terence
D:3:      layout_loops_ring
D:4:      layout_basic, serial_shops, nicolae_shop_crystal, nrook_mini_backslash
D:5:      layout_basic, uniq_sigmund
D:6:      layout_cave_pools, mainiacjoe_overflow_paths,
          minmay_temple_entry_poolview, uniq_menkaure, uniq_maggie

Skill      XL: |  1  2  3  4  5  6  7 |
---------------+----------------------+-----
Earth Magic    | 3 4 5 6 7 |  7.0
Dodging        | 3 4 5 7 |  7.0
Conjurations   | 1 2 3 |  3.3
Stealth        | |  2.6
Spellcasting   | |  2.0
Transmutations | |  1.1

Action                     |  1- 3 |  4- 6 |  7- 9 || total
---------------------------+-------+-------+-------++-------
  Melee: Unarmed           |       |     1 |     1 ||     2
   Cast: Sandblast         |    45 |    90 |    18 ||   153
         Stone Arrow       |       |     2 |       ||     2
    Use: Scroll            |       |     1 |       ||     1
 Armour: Skin              |     2 |     2 |     2 ||     6
  Dodge: Dodged            |    10 |    46 |    12 ||    68
